 Dungeon Crawl Stone Soup version 0.31-a0-557-g6e16503903 (webtiles) character file.

Game seed: 8204947611735548146

2 cforsyth the Charlatan (level 1, -2/17 HPs)
             Began as a Gnoll Artificer on Aug 16, 2023.
             Slain by a gnoll
             ... wielding a +0 club
              (6 damage)
             ... on level 1 of the Dungeon.
             The game lasted 00:00:10 (127 turns).

cforsyth the Charlatan (Gnoll Artificer)             Turns: 127, Time: 00:00:11

Health: -2/17      AC:  3    Str: 11    XL:     1   Next: 40%
Magic:  1/1        EV: 12    Int: 10    God:
Gold:   52         SH:  0    Dex: 12    Spells: 0/0 levels left

rFire   . . .        a - +0 club
rCold   . . .        (no shield)
rNeg    . . .        b - +0 leather armour
rPois   .            (no helmet)
rElec   .            (no cloak)
rCorr   .            (no gloves)
SInv    .            (no boots)
Will    .....        (no amulet)
Stlth   ++           (no ring)
HPRegen 0.22/turn    (no ring)
MPRegen 0.07/turn

%: no passive effects
@: no status effects
A: fangs 1, strong nose, distributed training
a: no special abilities


You were on level 1 of the Dungeon.
You visited 1 branch of the dungeon, and saw 1 of its levels.

You collected 52 gold pieces.

Inventory:

Hand Weapons
 a - a +0 club (weapon)
Armour
 b - a +0 leather armour (worn)
Wands
 c - a wand of flame (15) (quivered)
 d - a wand of charming (15)
 e - a wand of iceblast (5)
Potions
 f - a potion of heal wounds {unknown}
 g - a potion of invisibility {unknown}


   Skills:
 + Level 2.3 Fighting
 + Level 0.0 Short Blades
 + Level 0.0 Long Blades
 + Level 0.0 Axes
 + Level 0.0 Maces & Flails
 + Level 0.0 Polearms
 + Level 0.0 Staves
 + Level 0.0 Ranged Weapons
 + Level 0.0 Throwing
 + Level 4.4 Armour
 + Level 2.3 Dodging
 + Level 2.1 Stealth
 + Level 0.0 Shields
 + Level 0.0 Unarmed Combat
 + Level 0.0 Spellcasting
 + Level 0.0 Conjurations
 + Level 0.0 Hexes
 + Level 0.0 Summonings
 + Level 0.0 Necromancy
 + Level 0.0 Translocations
 + Level 0.0 Transmutations
 + Level 0.0 Fire Magic
 + Level 0.0 Ice Magic
 + Level 0.0 Air Magic
 + Level 0.0 Earth Magic
 + Level 0.0 Poison Magic
 + Level 0.1 Invocations
 + Level 6.4 Evocations
 + Level 0.0 Shapeshifting


You couldn't memorise any spells.
You didn't know any spells.
Your spell library was empty.

Dungeon Overview and Level Annotations

Branches:
Dungeon (1/15)

Altars:


Innate Abilities, Weirdness & Mutations

You have very sharp teeth.
Your uncanny sense of smell can sniff out nearby items.
Your experience applies equally to all skills.


Message History

f - a sapphire potion You now have 52 gold pieces (gained 11).
g - a golden potion A gnoll comes into view.
It is wielding a +0 club.
A gnoll is nearby!
A gnoll is nearby!
A hobgoblin comes into view.
The gnoll shouts!
The hobgoblin shouts!
You hear a shout!
A kobold comes into view. It is wielding a +0 whip.
A gnoll comes into view. It is wielding a +0 club.
You closely miss the hobgoblin. The hobgoblin hits you.
You hit the hobgoblin but do no damage. The hobgoblin hits you.
You hit the gnoll.
The gnoll is lightly wounded.
The gnoll misses you. The hobgoblin barely misses you.
The hobgoblin completely misses you. The gnoll closely misses you.
You closely miss the gnoll. You punch the gnoll.
The gnoll is lightly wounded.
The gnoll closely misses you. The gnoll barely misses you.
The hobgoblin closely misses you.
You hit the gnoll.
The gnoll is moderately wounded.
The gnoll hits you with a +0 club. The gnoll closely misses you.
The hobgoblin barely misses you.
You are too injured to fight recklessly!
You are too injured to fight recklessly!
You are too injured to fight recklessly!
You are too injured to fight recklessly!
You are too injured to fight recklessly!
You are too injured to fight recklessly!
You are too injured to fight recklessly!
You are too injured to fight recklessly!
You are too injured to fight recklessly!
You are too injured to fight recklessly!
You are too injured to fight recklessly!
The gnoll hits you with a +0 club.
* * * LOW HITPOINT WARNING * * *
The gnoll attacks as you move away! The gnoll closely misses you.
The gnoll attacks as you move away! The gnoll hits you with a +0 club.
You die...

.. . .### .#######
........ .......
.....#..######....# ∆
..... #...........#
....$ #.....g.!..#
....###....@gg...#
##### #.......##....#
....# #........#....#
....#####.........#####
.......#......###..#
.......#......# ##.#
..............+ ...
....##)#......# ### ∆
..........#.....


You could see 2 gnolls and a hobgoblin.

Vanquished Creatures
  A goblin (D:1)
  2 rats (D:1)
3 creatures vanquished.

Notes
Turn   | Place    | Note
-------+----------+-------------------------------------------
     0 | D:1      | cforsyth the Gnoll Artificer began the quest for the Orb.
     0 | D:1      | Reached XP level 1. HP: 17/17 MP: 1/1
   127 | D:1      | Slain by a gnoll

Illustrated notes

Levels and vault maps discovered:
D:1:      ncdulo_smallfort, layout_basic

Action                     || total
---------------------------++-------
  Melee: Club              ||    19
         Punch             ||     1
 Armour: Leather armour    ||     5
  Dodge: Dodged            ||    15

Table legend: (Time is in decaauts)
 A = Elapsed time spent in this place.
 B = Non-inter-level travel time spent in this place.
 C = Inter-level travel time spent in this place.
 D = Time resting spent in this place.
 E = Time spent auto-exploring this place.
 F = Levels seen in this place.
 G = Mean time per level.
                   A        B        C        D        E       F      G
               +--------+--------+--------+--------+--------+-----+--------+
         Total |    132 |    132 |      0 |      0 |     91 |   1 |  132.0 |
       Dungeon |    132 |    132 |      0 |      0 |     91 |   1 |  132.0 |
               +--------+--------+--------+--------+--------+-----+--------+

Top non-repeatable levels by time:
     D:1: 132 daAuts
